 Dungeon Crawl Stone Soup version 0.27-a0-277-g024f7ef292 (webtiles) character file.

Game seed: 5349250037566991090

51 Nattfarinn the Sneak (level 3, 0/21 HPs)
             Began as an Octopode Enchanter on Feb 7, 2021.
             Succumbed to an adder's poison
             ... on level 1 of the Dungeon.
             The game lasted 00:03:15 (1640 turns).

Nattfarinn the Sneak (Octopode Enchanter)           Turns: 1640, Time: 00:03:15

Health: 0/21       AC:  1    Str:  7    XL:     3   Next: 83%
Magic:  2/6        EV: 13    Int: 18    God:
Gold:   19         SH:  0    Dex: 12    Spells: 3/6 levels left

rFire    . . .     SeeInvis .   a - +1 dagger
rCold    . . .     Faith    .   (no shield)
rNeg     . . .     Spirit   .   (helmet restricted)
rPois    .         Reflect  .   (no amulet)
rElec    .         Harm     .   (no ring)
rCorr    .         Rampage  .   (no ring)
Will     .....                  (no ring)
Stlth    ++++......             (no ring)
HPRegen  0.07/turn              (no ring)
MPRegen  0.10/turn              (no ring)
                                (no ring)
                                (no ring)

@: mighty, lethally poisoned (0 -> -2)
A: almost no armour, stealthy swim, amphibious, 8 rings, constrict 8, camouflage
1, gelatinous body 1
a: no special abilities


You were on level 1 of the Dungeon.
You visited 1 branch of the dungeon, and saw 2 of its levels.

You collected 19 gold pieces.

Inventory:

Hand Weapons
 a - a +1 dagger (weapon)
Missiles
 f - 2 javelins
Scrolls
 b - 2 scrolls of identify {unknown}
 c - a scroll of fog {unknown}
 d - a scroll of remove curse {unknown}


   Skills:
 - Level 1.0 Short Blades
 - Level 2.0 Dodging
 * Level 5.8 Stealth
 - Level 2.0 Spellcasting
 + Level 3.5 Hexes


You had 3 spell levels left.
You knew the following spells:

 Your Spells              Type           Power        Failure   Level
a - Corona                Hex            15%          4%          1
b - Ensorcelled Hibernat  Hex/Ice        16%          13%         2

Your spell library contained the following spells:

 Spells                   Type           Power        Failure   Level
 Confusing Touch          Hex            14%          12%         3
 Tukima's Dance           Hex            14%          12%         3
 Dazzling Flash           Conj/Hex       16%          26%         3


Dungeon Overview and Level Annotations

Branches:
Dungeon (2/15)

Altars:


Innate Abilities, Weirdness & Mutations

You cannot wear most types of armour.
You are very stealthy in the water. (Stealth+)
You are amphibious.
You can wear up to eight rings at the same time.
You can use your tentacles to constrict eight enemies at once.
Your skin changes colour to match your surroundings (Stealth+).
Your rubbery body absorbs attacks. (AC +1, EV +1)


Message History

* * * LOW HITPOINT WARNING * * *
You feel sick. The adder misses you. The adder bites you but does no damage.
You puncture the adder!
You kill the adder!
An adder comes into view.
* * * LOW HITPOINT WARNING * * *
You feel sick.
The adder hisses angrily.
You climb upwards.
There is a stone staircase leading down here.
You aren't carrying any potions.
There is a lethal amount of poison in your body!
There is a lethal amount of poison in your body!
* * * LOW HITPOINT WARNING * * *
You feel sick.
* * * LOW HITPOINT WARNING * * *
You feel sick.
* * * LOW HITPOINT WARNING * * *
You feel sick.
You die...

.##........##.##.###.....#
.##....................#.#
.##........#.#....##...#.#
.##.....#....#....##...#.#
.....######..#.........#.#
####.# #...#.....##..#.#
.....#####..#..........#.#
###......#..#.#..(#.####.#
.##.####.#..#...@.#....#.#
....# #.#..###......#.#.#
.#### #.#######.###.#.#.#
.# #..........##.#...# .#
##########'##.##### ##
#......+..# #.####+#..#
#### #.#..#.#..# ...#
#.+.<'.#.##


There were no monsters in sight!

Vanquished Creatures
  An adder (D:2)
  An ooze (D:1)
  2 dart slugs (D:1)
  A leopard gecko (D:2)
  4 giant cockroaches (D:1)
  2 goblins (D:1)
  4 hobgoblins
  5 jackals (D:1)
  3 bats
  2 frilled lizards (D:1)
  5 kobolds (D:1)
  3 rats (D:1)
33 creatures vanquished.

Notes
Turn   | Place    | Note
-------+----------+-------------------------------------------
     0 | D:1      | Nattfarinn the Octopode Enchanter began the quest for the
                  | Orb.
     0 | D:1      | Reached XP level 1. HP: 11/11 MP: 3/3
   169 | D:1      | Reached XP level 2. HP: 10/17 MP: 3/5
   531 | D:1      | Reached skill level 5 in Stealth
   594 | D:1      | Learned a level 2 spell: Ensorcelled Hibernation
   962 | D:1      | Reached XP level 3. HP: 15/21 MP: 3/6
  1636 | D:1      | HP: 1/21 [poisoned by an adder]
  1640 | D:1      | Succumbed to an adder's poison

Illustrated notes

Levels and vault maps discovered:
D:1:      ncdulo_smallfort, layout_basic
D:2:      layout_loops_ring, nicolae_ru_sacrificial_ziggurat,
          gammafunk_temple_overflow_elements, minmay_misc_feat_four_crosses,
          uniq_crazy_yiuf_cottage

Skill      XL: |  1  2 |
---------------+-------+-----
Stealth        | 5 |  5.8
Short Blades   | |  1.0
Dodging        | |  2.0
Spellcasting   | |  2.0
Hexes          | |  3.5

Action                   || total
-------------------------++-------
Melee: Dagger            ||    74
       Constrict         ||    15
       Tentacles         ||     9
 Cast: Corona            ||     3
       Ensorcelled Hiber ||     7
  Use: Potion            ||     1
 Stab: Sleeping          ||    13
Armor: Skin              ||     3
Dodge: Dodged            ||    26

Table legend: (Time is in decaauts)
 A = Elapsed time spent in this place.
 B = Non-inter-level travel time spent in this place.
 C = Inter-level travel time spent in this place.
 D = Time resting spent in this place.
 E = Time spent auto-exploring this place.
 F = Levels seen in this place.
 G = Mean time per level.
                   A        B        C        D        E       F      G
               +--------+--------+--------+--------+--------+-----+--------+
         Total |   1638 |   1605 |     33 |    877 |    471 |   2 |  819.0 |
       Dungeon |   1638 |   1605 |     33 |    877 |    471 |   2 |  819.0 |
               +--------+--------+--------+--------+--------+-----+--------+

Top non-repeatable levels by time:
     D:1: 1294 daAuts
     D:2: 344 daAuts
